 Dungeon Crawl Stone Soup version 0.30.0-10-gfe55d96785 (webtiles) character file.

Game seed: 2763219251761451801

85 GigaChad the Trooper (level 4, -1/41 HPs)
             Began as a Minotaur Fighter on May 15, 2023.
             Slain by Crazy Yiuf
             ... wielding a +4 quarterstaff of chaos
              (4 damage)
             ... on level 2 of the Dungeon.
             The game lasted 00:01:49 (1409 turns).

GigaChad the Trooper (Minotaur Fighter)             Turns: 1409, Time: 00:01:50

Health: -1/41      AC:  7    Str: 23    XL:     4   Next: 25%
Magic:  3/3        EV:  8    Int:  5    God:
Gold:   90         SH:  8    Dex:  9    Spells: 3/3 levels left

rFire   . . .        a - +1 long sword
rCold   . . .        g - +0 kite shield
rNeg    . . .        b - +0 scale mail
rPois   .            (helmet restricted)
rElec   .            (no cloak)
rCorr   .            (no gloves)
SInv    .            (no boots)
Will    .....        (no amulet) Stlth
                     (no ring)
HPRegen 0.26/turn    (no ring)
MPRegen 0.08/turn

%: no passive effects
@: no status effects
A: horns 2, retaliatory headbutt
a: no special abilities


You were on level 2 of the Dungeon.
You visited 1 branch of the dungeon, and saw 2 of its levels.

You collected 90 gold pieces.

Inventory:

Hand Weapons
 a - a +1 long sword (weapon)
Armour
 b - a +0 scale mail (worn)
 c - a +0 buckler
 g - a +0 kite shield (worn)
Scrolls
 e - a scroll of poison {unknown}
 h - a scroll of immolation {unknown}
Potions
 d - a potion of might
 f - a potion of curing


   Skills:
 * Level 4.6 Fighting
 * Level 3.4 Long Blades
 * Level 4.1 Armour
 + Level 0.1 Stealth
 * Level 4.4 Shields


You had 3 spell levels left.
You didn't know any spells.
Your spell library contained the following spells:

 Spells                   Type           Power      Damage    Failure   Level
 Summon Small Mammal      Summ           0%         N/A       96%         1
 Call Canine Familiar     Summ           0%         N/A       100%        3
 Summon Guardian Golem    Hex/Summ       0%         N/A       100%        3


Dungeon Overview and Level Annotations

Branches:
Dungeon (2/15)

Altars:

Annotations:
D:2 Crazy Yiuf


Innate Abilities, Weirdness & Mutations

You have a pair of horns on your head.
You reflexively headbutt those who attack you in melee.


Message History

Crazy Yiuf whimpers, "Sif Muna shoe agre!"
You open the door. You hit Crazy Yiuf but do no damage.
Crazy Yiuf laughs, "Dawk green leg!"
You block Crazy Yiuf's attack.
Crazy Yiuf sings, "Trees, trees, trees, circus!"
Crazy Yiuf barely misses you. You furiously retaliate!
You headbutt Crazy Yiuf, but do no damage.
You hit Crazy Yiuf.
Crazy Yiuf is moderately wounded.
Crazy Yiuf zaps a wand.
The puff of flame hits you!
You hit Crazy Yiuf but do no damage.
Crazy Yiuf is moderately wounded.
Crazy Yiuf barely misses you.
You hit Crazy Yiuf but do no damage. You headbutt Crazy Yiuf.
Crazy Yiuf is heavily wounded.
Crazy Yiuf closely misses you.
Crazy Yiuf hits you with a +4 quarterstaff of chaos!
You are confused.
You're too confused to move!
Crazy Yiuf hits you with a +4 quarterstaff of chaos.
Crazy Yiuf burns you.
You bump into the tree.
Crazy Yiuf hits you with a +4 quarterstaff of chaos.
You're too confused to move!
Crazy Yiuf yells, "Tonal ragdoll sing!"
Crazy Yiuf hits you with a +4 quarterstaff of chaos.
Crazy Yiuf burns you.
* * * LOW HITPOINT WARNING * * *
You hit Crazy Yiuf.
Crazy Yiuf is heavily wounded.
You feel less confused.
Crazy Yiuf hits you with a +4 quarterstaff of chaos!
* * * LOW HITPOINT WARNING * * *
Crazy Yiuf burns you.
* * * LOW HITPOINT WARNING * * *
You hit Crazy Yiuf. Your headbutt misses Crazy Yiuf.
Crazy Yiuf is almost dead.
Crazy Yiuf hits you with a +4 quarterstaff of chaos.
You die...

#......# ###
#....# .......#
#....# .......#
♣PP.♣♣ .......#
♣♣P..♣ .......#
♣♣.♣♣ ...########
♣♣.♣ ...##.....##
♣.♣♣ ...##.....'#
♣♣.♣ ....#.....##
♣@♣♣ ###.#.....##
#g# .##.#.....'#
... .##.#.....##
#...#
..........##
#)..#
.......##..#
#####
.......#####
....##'## ###
........#######.#


You could see Crazy Yiuf.

Vanquished Creatures
  A gnoll (D:1)
  An adder (D:2)
  A worm (D:2)
  A dart slug (D:1)
  10 endoplasms
  4 giant cockroaches (D:1)
  4 goblins
  4 hobgoblins (D:1)
  6 jackals (D:2)
  3 kobolds
  3 quokkas
  3 ball pythons (D:1)
  3 bats
  5 frilled lizards
  5 rats (D:1)
54 creatures vanquished.

Notes
Turn   | Place    | Note
-------+----------+-------------------------------------------
     0 | D:1      | GigaChad the Minotaur Fighter began the quest for the Orb.
     0 | D:1      | Reached XP level 1. HP: 19/19 MP: 0/0
   123 | D:1      | Reached XP level 2. HP: 18/27 MP: 1/1
   387 | D:1      | Reached XP level 3. HP: 27/33 MP: 2/2
   870 | D:2      | Reached XP level 4. HP: 30/41 MP: 3/3
  1396 | D:2      | Found a runed translucent door.
  1397 | D:2      | Noticed Crazy Yiuf
  1408 | D:2      | HP: 2/41 [Crazy Yiuf/+4 quarterstaff of chaos (1)]
  1409 | D:2      | Slain by Crazy Yiuf

Illustrated notes

Levels and vault maps discovered:
D:1:      giann_wishing_wells, layout_loops_cross
D:2:      layout_basic, uniq_crazy_yiuf_cottage

Skill      XL: |  1  2  3 |
---------------+----------+-----
Fighting       | 4 |  4.6
Shields        | 4 |  4.4
Armour         | 4 |  4.1
Long Blades    | 3 |  3.4
Stealth        | |  0.1

Action                     |  1- 3 |  4- 6 || total
---------------------------+-------+-------++-------
  Melee: Long sword        |    79 |    42 ||   121
         Headbutt          |    14 |     6 ||    20
    Use: Scroll            |     4 |       ||     4
 Armour: Scale mail        |    33 |     7 ||    40
  Dodge: Dodged            |    26 |    17 ||    43
  Block: Buckler           |     1 |       ||     1
         Kite shield       |    38 |    14 ||    52
